 Dungeon Crawl Stone Soup version 0.31-a0-222-gefeffbb62a (webtiles) character file.

Game seed: 12170706235449446710

504 HoaS the Shooter (level 6, 0/44 (48) HPs)
             Began as a Demigod Hunter on July 6, 2023.
             Slain by a wight
             ... wielding a +0 great sword
              (5 damage)
             ... on level 6 of the Dungeon.
             The game lasted 00:11:06 (4342 turns).

HoaS the Shooter (Demigod Hunter)                   Turns: 4342, Time: 00:11:06

HP:   0/44 (48)     AC:  6    Str: 12    XL:     6   Next: 63%
MP:   8/8           EV: 12    Int: 11    God:
Gold: 295           SH:  5    Dex: 25    Spells: 5/5 levels left

rFire   . . .        a - +2 shortbow
rCold   . . .        (shield currently unavailable)
rNeg    . . .        c - +0 leather armour
rPois   .            (no helmet)
rElec   .            (no cloak)
rCorr   .            (no gloves)
SInv    .            o - +2 pair of boots
Will    .....        n - amulet of reflection
Stlth   ++           (no ring)
HPRegen 0.27/turn    (no ring)
MPRegen 0.11/turn

%: reflection
@: drained
A: high MP 1, forlorn, divine attributes
a: no special abilities


You were on level 6 of the Dungeon.
You visited 1 branch of the dungeon, and saw 6 of its levels.

You collected 295 gold pieces.

Inventory:

Hand Weapons
 a - a +2 shortbow (weapon)
Armour
 c - a +0 leather armour (worn)
 o - a +2 pair of boots (worn)
Jewellery
 n - an amulet of reflection (around neck)
Wands
 m - a wand of iceblast (7)
 q - a wand of mindburst (1)
Scrolls
 b - 2 scrolls of butterflies
 d - 2 scrolls of revelation
 i - 3 scrolls of teleportation
 k - 3 scrolls of fear
Potions
 e - a potion of haste {unknown}
 f - a potion of magic {unknown}
 g - 4 potions of heal wounds
 h - a potion of ambrosia
 j - a potion of enlightenment {unknown}
 l - a potion of berserk rage {unknown}
 p - 2 potions of curing {unknown}


   Skills:
 - Level 1.7 Fighting
 + Level 7.7 Ranged Weapons
 - Level 1.7 Dodging
 - Level 0.8 Stealth


You had 5 spell levels left.
You didn't know any spells.
Your spell library contained the following spells:

 Spells                   Type           Power      Damage    Failure   Level
 Dazzling Flash           Conj/Hex       0%         N/A       80%         3
 Volatile Blastmotes      Fire/Tloc      0%         2d10      80%         3
 Iskenderun's Mystic Bla  Conj/Tloc      0%         2d3       99%         4
 Starburst                Conj/Fire      0%         6d3       100%        6


Dungeon Overview and Level Annotations

Branches:
Dungeon (6/15)
 Temple: D:4-7

Shops:
D:5 :=:?

Annotations:
D:3 exclusion: oklob plant
D:4 3 runed translucent doors, makewrite's ghost, amateur HOMo
D:6 Maggie


Innate Abilities, Weirdness & Mutations

You have an increased reservoir of magic. (+10% MP)
You shall have no god before yourself.
Your divine heritage dramatically boosts your attributes as you level up.


Message History

Found a stone staircase leading down.
A scorpion and a wight come into view.
The scorpion moves out of view.
You shoot an arrow.
The arrow hits the wight but does no damage.
You shoot an arrow. The arrow barely misses the scorpion.
The arrow hits the wight!
The wight is heavily damaged.
Found a stone staircase leading up.
You block the scorpion's attack.
You shoot an arrow. The arrow hits the scorpion.
The scorpion is lightly wounded.
The scorpion stings you but does no damage.
The scorpion stings you.
You shoot an arrow. The arrow closely misses the scorpion.
The scorpion stings you but does no damage.
You shoot an arrow. The arrow hits the scorpion.
The scorpion is moderately wounded.
The scorpion barely misses you.
The wight hits you with a +0 great sword!
You feel drained. The scorpion barely misses you.
You are too injured to fight recklessly!
You are too injured to fight recklessly!
You are too injured to fight recklessly!
You feel much better. The scorpion completely misses you.
The wight hits you with a +0 great sword.
You shoot an arrow. The arrow barely misses the wight.
You block the scorpion's attack. The wight barely misses you.
You shoot an arrow. The arrow barely misses the wight.
The scorpion stings you but does no damage.
The wight hits you with a +0 great sword!
You shoot an arrow. The arrow hits the wight.
The wight is almost destroyed.
The scorpion stings you but does no damage.
The wight barely misses you. The scorpion stings you.
You shoot an arrow. The arrow barely misses the wight.
The scorpion stings you but does no damage.
The wight hits you with a +0 great sword!!
* * * LOW HITPOINT WARNING * * *
You feel drained.
You die...

..
..............####
.................##
...# #............#
#...##............#
#......#..........#
#.................#
#........#####.####
#..>.....# #.#
#.......@# #.#
#.......zs.....#
.............###
................
........#....#.<
#......$#....# .
#########....#
....#


You could see a scorpion and a wight.

Vanquished Creatures
  An ogre (D:5)
  2 scorpions
  2 hounds
  A jelly (D:5)
  A sleepcap (D:5)
  2 iguanas
  A gnoll (D:1)
  3 adders
  2 ufetubi (D:6)
  A worm (D:2)
  8 dart slugs
  An orc (D:4)
  8 ball pythons
  9 endoplasms
  3 giant cockroaches
  8 goblins
  8 hobgoblins
  7 kobolds
  3 quokkas
  2 bats (D:3)
  3 frilled lizards
  4 rats
80 creatures vanquished.

Notes
Turn   | Place    | Note
-------+----------+-------------------------------------------
     0 | D:1      | HoaS the Demigod Hunter began the quest for the Orb.
     0 | D:1      | Reached XP level 1. HP: 17/17 MP: 3/3
   116 | D:1      | Reached skill level 4 in Ranged Weapons
   236 | D:1      | Reached XP level 2. HP: 19/24 MP: 4/4
   968 | D:2      | Reached XP level 3. HP: 24/29 MP: 5/5
  1212 | D:2      | Reached skill level 5 in Ranged Weapons
  1771 | D:3      | Reached XP level 4. HP: 36/36 MP: 6/6
  1956 | D:3      | Noticed an oklob plant
  2164 | D:4      | Found a runed translucent gate.
  2164 | D:4      | Found a runed translucent gate.
  2169 | D:4      | Found a runed translucent gate.
  2759 | D:4      | Reached skill level 6 in Ranged Weapons
  2759 | D:4      | Reached XP level 5. HP: 41/41 MP: 7/7
  3042 | D:4      | Noticed makewrite's ghost (amateur HOMo)
  3362 | D:5      | Entered Level 5 of the Dungeon
  3362 | D:5      | Noticed an ogre
  3458 | D:5      | Killed an ogre
  3459 | D:5      | Reached skill level 7 in Ranged Weapons
  3459 | D:5      | Reached XP level 6. HP: 48/48 MP: 8/8
  3465 | D:5      | Found Usmeul's Antique Armour Shop.
  3506 | D:5      | Found Puck's Book Boutique.
  3923 | D:5      | Found Coism's Magic Scroll Shop.
  4003 | D:5      | Found Giczum's Jewellery Boutique.
  4036 | D:5      | Found Qoolun's Book Shoppe.
  4231 | D:6      | Noticed Maggie
  4342 | D:6      | Slain by a wight

Illustrated notes

Levels and vault maps discovered:
D:1:      scummos_arrival_checkerplants, layout_basic, minmay_tree_intersection
D:2:      layout_loops_ring, shapermc_ecumenical_altar_mp_urbaneastern
D:3:      layout_rooms, tgw_fedhas, mainiacjoe_overflow_cross_hatched,
          lightli_corner_chamber
D:4:      layout_layer_cave, gammafunk_ghost_icy, minmay_misc_feat_tower,
          minmay_misc_feat_alley
D:5:      kennysheep_slugbush, layout_basic, nicolae_ru_the_path_less_chosen,
          grunt_temple_overflow_open, serial_shops, shop, nicolae_square_shop,
          shop, shop, kennysheep_little_box
D:6:      layout_rooms, nzn_wu_jian_council_hall, uniq_maggie

Skill      XL: |  1  2  3  4  5 |
---------------+----------------+-----
Ranged Weapons | 4 5 6 7 |  7.7
Fighting       | |  1.7
Dodging        | |  1.7
Stealth        | |  0.8

Action                     |  1- 3 |  4- 6 || total
---------------------------+-------+-------++-------
  Melee: Shortbow          |       |     2 ||     2
   Fire: Shortbow          |   117 |   121 ||   238
    Use: Scroll            |     7 |     4 ||    11
         Potion            |       |     2 ||     2
 Armour: Leather armour    |     6 |    13 ||    19
  Dodge: Dodged            |    21 |    27 ||    48
  Block: Other             |       |     5 ||     5

Table legend: (Time is in decaauts)
 A = Elapsed time spent in this place.
 B = Non-inter-level travel time spent in this place.
 C = Inter-level travel time spent in this place.
 D = Time resting spent in this place.
 E = Time spent auto-exploring this place.
 F = Levels seen in this place.
 G = Mean time per level.
                   A        B        C        D        E       F      G
               +--------+--------+--------+--------+--------+-----+--------+
         Total |   4397 |   4233 |    164 |    312 |   3387 |   6 |  732.8 |
       Dungeon |   4397 |   4233 |    164 |    312 |   3387 |   6 |  732.8 |
               +--------+--------+--------+--------+--------+-----+--------+

Top non-repeatable levels by time:
     D:4: 1254 daAuts
     D:1: 865 daAuts
     D:5: 832 daAuts
     D:2: 725 daAuts
     D:3: 584 daAuts
     D:6: 135 daAuts
